Map: Eastwatch LE

Players

Teaman

  • Race: Zerg Zerg
  • Spawn Location: 1:00

Exia - Winner!

  • Race: Terran Terran
  • League: Platinum
  • Spawn Location: 7:00

VOD

Have the link to the VOD?

Description

Time

  • Played on: March 9, 2018, 7:23 p.m.
  • Length: 16:05
Show
View Real Time Build Order
Export as new Build Order

Teaman Zerg 

Build Orders: Hatch First 

Get SALT Encoding   

  12  0:01  Drone  
  13  0:13  Overlord  
  13  0:19  Drone  
  14  0:32  Drone x2  
  16  0:45  Drone  
  17  0:52  Hatchery  
  17  0:55  Drone  
  17  0:59  Drone  
  18  1:10  Extractor  
  17  1:16  Spawning Pool  
  17  1:18  Drone  
  17  1:21  Drone  
  18  1:29  Drone  
  19  1:39  Overlord  
  19  1:51  Drone  
  20  2:03  Queen  
  20  2:04  Queen  
  20  2:05  Zergling x4  
  26  2:21  Drone x2  
  28  2:34  Hatchery  
  28  2:35  Metabolic Boost  
  27  2:42  Drone x2  
  29  2:50  Pneumatized Carapace  
  29  2:52  Drone  
  29  2:58  Overlord  
  30  3:10  Drone x5  
  35  3:24  Drone x5  
  40  3:31  Queen  
  40  3:33  Drone  
  43  3:38  Overlord  
  43  3:41  Zergling x2  
  43  3:46  Lair  
  44  3:53  Baneling Nest  
  43  4:02  Drone x5  
  48  4:03  Drone  
  48  4:06  Drone x2  
  48  4:08  Extractor  
  50  4:10  Extractor  
  50  4:15  Zergling x8  
  53  4:24  Queen  
  55  4:36  Drone  
  55  4:38  Overlord x3  
  56  4:50  Baneling x4  
  56  5:01  Extractor  
  55  5:08  Drone x5  
  55  5:09  Drone x7  
  67  5:18  Hydralisk Den  
  66  5:25  Evolution Chamber  
  66  5:27  Evolution Chamber  
  64  5:29  Drone x5  
  64  5:30  Drone  
  64  5:31  Zergling x2  
  64  5:32  Zergling x6  
  74  5:37  Overlord x2  
  74  5:46  Overlord x3  
  74  5:53  Zerg Melee Weapons Level 1  
  74  5:54  Zerg Ground Armor Level 1  
  74  5:58  Drone x4  
  74  6:01  Zergling x8  
  82  6:05  Grooved Spines  
  82  6:07  Drone  
  82  6:10  Extractor  
  82  6:11  Extractor  
  81  6:23  Hydralisk  
  81  6:24  Hydralisk x7  
  97  6:28  Overlord  
  97  6:29  Overlord x2  
  97  6:51  Centrifical Hooks  
  97  6:52  Hydralisk x2  
  97  6:53  Hydralisk  
  97  6:54  Zergling x8  
  107  7:16  Muscular Augments  
  107  7:27  Hydralisk  
  107  7:28  Hydralisk x6  
  107  7:29  Zergling x2  
  122  7:31  Overlord x5  
  121  8:00  Hydralisk  
  121  8:01  Hydralisk x10  
  121  8:02  Zergling x2  
  121  8:03  Zergling x10  
  149  8:07  Baneling  
  149  8:08  Baneling x4  
  149  8:28  Zerg Melee Weapons Level 2  
  149  8:39  Overlord x2  
  149  8:42  Zergling x8  
  149  8:43  Zergling x6  
  149  8:44  Zerg Ground Armor Level 2  
  138  9:24  Zergling x2  
  138  9:25  Zergling x28  
  138  9:26  Hydralisk x3  
  157  9:45  Hatchery  
  156  9:54  Hydralisk x7  
  170  10:12  Hatchery  
  170  10:14  Infestation Pit  
  168  10:26  Baneling x2  
  168  10:27  Baneling x16  
  150  10:50  Zergling x2  
  150  10:51  Zergling x36  
  169  10:57  Overlord x4  
  169  10:58  Overlord  
  169  11:03  Queen  
  171  11:15  Hydralisk  
  171  11:16  Hydralisk x8  
  189  11:20  Drone x2  
  189  11:25  Hive  
  191  11:52  Hydralisk  
  191  11:53  Hydralisk x3  
  199  12:21  Hydralisk  
  163  13:32  Zergling x14  
  163  13:33  Zergling x16, Hydralisk  
  163  13:34  Hydralisk  
  113  13:56  Hydralisk  
  113  13:57  Hydralisk x14  
  125  14:11  Zergling x2  
  125  14:12  Zergling x8  
  125  14:14  Baneling  
  125  14:15  Baneling x13  
  130  14:22  Hydralisk x5  
  130  14:54  Hydralisk  
  130  14:55  Hydralisk x13  
  130  14:56  Hydralisk x2  
  123  15:04  Zergling x6  
  122  15:26  Hydralisk  
  122  15:27  Hydralisk x8  
  140  15:33  Zergling x2  
Show
View Real Time Build Order
Export as new Build Order

Exia Terran - Winner!

Build Orders: Bio Tank 

Get SALT Encoding   

  12  0:01  SCV  
  13  0:13  SCV  
  14  0:19  Supply Depot  
  14  0:26  Refinery  
  14  0:28  SCV  
  15  0:42  Barracks  
  15  0:46  SCV  
  16  0:59  Supply Depot  
  16  1:03  SCV  
  17  1:37  Command Center  
  17  1:49  Orbital Command  
  17  1:54  Barracks Tech Lab  
  17  2:15  Stimpack  
  17  2:16  Factory  
  17  2:17  Marine  
  18  2:24  SCV  
  19  2:36  SCV  
  20  2:44  Refinery  
  20  2:48  SCV  
  20  2:51  Supply Depot  
  21  2:54  Marine  
  22  3:00  SCV x2  
  22  3:04  Starport  
  24  3:11  Factory Tech Lab  
  24  3:12  Marine  
  25  3:18  SCV  
  27  3:29  Orbital Command  
  27  3:30  SCV, Marine  
  28  3:35  Siege Tank  
  31  3:42  SCV  
  32  3:48  Viking  
  32  3:54  SCV  
  32  3:55  Supply Depot  
  35  4:02  SCV  
  36  4:06  SCV, Refinery  
  37  4:12  Marine  
  37  4:14  SCV  
  37  4:16  Combat Shields  
  39  4:18  SCV  
  40  4:30  Marine  
  41  4:34  Engineering Bay  
  41  4:36  SCV  
  42  4:40  Barracks  
  42  4:47  Marine  
  43  4:58  Supply Depot  
  43  5:02  Medivac  
  43  5:04  Siege Tank  
  43  5:05  Marine  
  43  5:07  Terran Infantry Weapons Level 1  
  49  5:09  Barracks  
  49  5:18  SCV  
  50  5:21  SCV  
  50  5:23  Marine  
  50  5:26  Refinery  
  52  5:30  SCV  
  52  5:32  Supply Depot  
  52  5:34  SCV  
  54  5:41  Marine  
  55  5:43  SCV  
  55  5:46  SCV  
  57  5:54  Barracks Reactor  
  57  5:55  SCV  
  58  5:59  Marine  
  58  6:00  Starport Tech Lab  
  58  6:01  Barracks  
  58  6:02  Supply Depot  
  59  6:06  SCV  
  59  6:07  SCV  
  61  6:16  Marine  
  61  6:18  SCV, Supply Depot  
  62  6:19  SCV, Barracks Tech Lab  
  64  6:30  SCV  
  65  6:34  Marine  
  65  6:36  High Capacity Fuel Tanks  
  66  6:40  Supply Depot  
  66  6:42  Supply Depot  
  66  6:44  Marine x2  
  66  6:45  Marine  
  69  6:52  Marine  
  70  7:02  Marine x3  
  70  7:04  Supply Depot  
  73  7:10  Marine  
  74  7:19  Ghost Academy  
  74  7:24  Supply Depot  
  74  7:27  Command Center  
  74  7:28  Marine  
  75  7:31  Concussive Shells  
  75  7:34  Corvid Reactor  
  75  7:40  Siege Tank  
  75  7:44  Raven  
  80  7:47  Supply Depot  
  80  7:58  Marine  
  80  7:59  Marine x4  
  85  8:10  Supply Depot  
  85  8:12  Siege Tank  
  88  8:16  Marine x4  
  88  8:17  Factory, Marine  
  93  8:21  Terran Infantry Armor Level 1  
  93  8:34  Marine x5  
  93  8:35  Engineering Bay  
  98  8:44  Siege Tank  
  101  8:54  Armory  
  101  8:59  Marine  
  101  9:00  Marine x3  
  101  9:01  Marauder  
  107  9:04  Supply Depot  
  107  9:06  Armory  
  107  9:16  Siege Tank  
  108  9:17  Marine x2  
  108  9:18  Marauder, Marine  
  108  9:22  Marauder  
  95  9:38  Marine x3  
  95  9:39  Marine  
  95  9:40  Medivac  
  95  9:43  Marine  
  102  9:48  Siege Tank  
  102  9:49  Factory Tech Lab  
  105  9:56  Marine x3  
  105  9:57  Planetary Fortress  
  105  9:58  Marauder  
  110  10:01  Marauder  
  110  10:03  SCV  
  110  10:04  SCV  
  114  10:09  Medivac  
  114  10:14  Marine x3  
  117  10:16  SCV x2  
  117  10:17  Starport  
  117  10:18  Marine  
  117  10:20  Siege Tank  
  125  10:22  Liberator  
  125  10:28  SCV x2  
  127  10:40  SCV  
  130  11:01  Barracks Reactor  
  130  11:03  Starport Reactor  
  130  11:05  Liberator, Starport  
  130  11:08  Marauder x2, Marine x2  
  130  11:09  Terran Infantry Armor Level 2  
  136  11:12  Terran Infantry Weapons Level 2  
  136  11:15  Refinery  
  136  11:17  Refinery  
  139  11:25  Marine  
  139  11:26  Marine, Command Center  
  139  11:28  Terran Vehicle Weapons Level 1  
  139  11:29  Marine x2  
  139  11:31  Terran Vehicle And Ship Armor Level 1  
  143  11:43  Marine x2  
  143  11:46  Marine  
  143  11:47  Marine  
  145  11:48  Liberator  
  147  11:58  Marine x2  
  149  12:01  Marine x2  
  149  12:04  Marine x2  
  149  12:05  Siege Tank  
  159  12:14  Fusion Core  
  159  12:16  Marine x2  
  159  12:19  Marine x2  
  159  12:22  Marine  
  161  12:23  Marauder  
  163  12:30  Supply Depot  
  163  12:34  Marine x2  
  165  12:38  Marine x2  
  165  12:40  Marauder  
  169  12:44  Marauder  
  169  12:48  Medivac  
  173  12:52  Marine x2  
  173  12:53  Supply Depot, Medivac x2  
  173  12:55  Marine x2  
  173  12:58  Smart Servos  
  181  12:59  Drilling Claws  
  181  13:02  Marauder  
  183  13:06  Marauder  
  183  13:10  Marine x2  
  187  13:13  Marine  
  187  13:15  Marine  
  187  13:17  Supply Depot  
  187  13:18  Medivac  
  190  13:23  Marauder  
  189  13:27  Marauder, Marine  
  189  13:28  Marine  
  189  13:31  Marine  
  170  13:42  Marine  
  170  13:47  Marine  
  170  13:48  Marauder, Marine  
  164  13:49  Marauder  
  164  14:15  Supply Depot  
  164  14:36  Marine x2, Raven  
  164  14:37  Marauder x2  
  172  14:39  Supply Depot  
  172  14:53  Marine x2  
  172  14:54  Marine, Medivac x2  
  172  14:58  Marauder x2  
  127  15:01  Supply Depot  
  125  15:08  Marine  
  125  15:11  Marine x2  
  125  15:12  Marine  
  125  15:14  Supply Depot, Siege Tank x2  
  135  15:19  Marauder x2, Raven  
  141  15:23  Medivac  
  141  15:24  Medivac  
  141  15:25  Marine  
  146  15:29  Marine x3  
  149  15:37  Supply Depot  
  149  15:41  Marauder x2  
  153  15:43  Marine  
  153  15:46  Marine  
  153  15:47  Marine x2  
Tags
 
Composition
Bio Tank
League
Platinum
Matchup
TvZ
Spawn Locations
Cross Positions
Add a new tag
Caveats
  • Supply blocks, unpowered buildings, or Contaminate may cause inaccurate times.
  • Supply counts are checked every 10 seconds.